 Dungeon Crawl Stone Soup version 0.16-a0-2669-g4c00d22 (webtiles) character file.

3024 Ololoev the Cleaver (level 9, -4/43 HPs)
             Began as a Vine Stalker Berserker on Nov 24, 2014.
             Was a Priest of Trog.
             Slain by Harold
             ... wielding a +0 battleaxe
              (9 damage)
             ... on level 11 of the Dungeon.
             The game lasted 00:18:34 (1825 turns).

Ololoev the Cleaver (Vine Stalker Berserker)        Turns: 1825, Time: 00:18:35

Health: -4/43      AC:  8    Str: 22    XL:     9   Next: 85%
Magic:  0/12       EV:  9    Int:  7    God:    Trog [***...]
Gold:   110        SH:  0    Dex: 15    Spells: 0 memorised, 8 levels left

rFire  . . .     SeeInvis .     a - +0 hand axe
rCold  . . .     Clarity  .     j - +0 scale mail
rNeg   . . .     SustAb   .     (no shield)
rPois  .         Gourm    .     (no helmet)
rElec  .         Spirit   +     i - +0 cloak
rCorr  .         Warding  .     (no gloves)
rMut   .         Stasis   .     (no boots)
MR     +....                    (no amulet)
Stlth  ..........               (no ring)
                                (no ring)

@: exhausted, slowed, very slow, somewhat resistant to hostile enchantments,
extremely unstealthy
A: fangs 3, regeneration 2, magic shield, antimagic bite, no device heal 3, rot
immunity
a: Burn Spellbooks, Berserk, Trog's Hand, Renounce Religion


You were on level 11 of the Dungeon.
You worshipped Trog.
Trog was most pleased with you.
You were very hungry.

You visited 1 branch of the dungeon, and saw 11 of its levels.

You collected 110 gold pieces.

Notes
Turn   | Place    | Note
--------------------------------------------------------------
     0 | D:1      | Ololoev, the Vine Stalker Berserker, began the quest for the Orb.
     0 | D:1      | Reached XP level 1. HP: 11/11 MP: 1/1
    92 | D:3      | Reached skill level 3 in Axes
    92 | D:3      | Reached XP level 2. HP: 11/16 MP: 3/3
   233 | D:4      | Reached XP level 3. HP: 15/19 MP: 1/4
   242 | D:4      | Reached XP level 4. HP: 4/23 MP: 2/5
   254 | D:4      | Noticed Somebody's ghost (average DgTm)
   412 | D:4      | Killed Somebody's ghost
   412 | D:4      | Reached skill level 5 in Axes
   412 | D:4      | Reached XP level 5. HP: 25/27 MP: 7/7
   412 | D:4      | Gained mutation: You heal very quickly. [vine stalker growth]
   412 | D:4      | Reached XP level 6. HP: 30/32 MP: 8/8
   551 | D:4      | Acquired Trog's second power
   568 | D:4      | Found a radiant altar of Vehumet.
   610 | D:4      | Noticed Crazy Yiuf
   615 | D:4      | Killed Crazy Yiuf
   650 | D:4      | Noticed a phantom
   681 | D:4      | Killed a phantom
   704 | D:5      | Entered Level 5 of the Dungeon
   709 | D:5      | Reached XP level 7. HP: 35/35 MP: 9/9
   749 | D:5      | Reached skill level 6 in Axes
   904 | D:5      | Found a staircase to the Ecumenical Temple.
  1012 | D:6      | Reached skill level 7 in Axes
  1019 | D:6      | HP: 1/35 [poisoned by a centaur]
  1072 | D:6      | Gained mutation: You have razor-sharp teeth. [vine stalker growth]
  1072 | D:6      | Reached XP level 8. HP: 31/39 MP: 9/11
  1133 | D:7      | Found a blossoming altar of Fedhas.
  1133 | D:7      | Found an opulent altar of Gozag.
  1306 | D:9      | Noticed a troll
  1306 | D:9      | Reached skill level 8 in Axes
  1306 | D:9      | Reached skill level 5 in Armour
  1482 | D:9      | Killed a troll
  1482 | D:9      | Reached XP level 9. HP: 28/43 MP: 7/12
  1534 | D:9      | Reached skill level 9 in Axes
  1558 | D:9      | Noticed a hill giant
  1568 | D:9      | Killed a hill giant
  1571 | D:9      | Reached skill level 10 in Axes
  1638 | D:10     | Entered Level 10 of the Dungeon
  1638 | D:10     | Noticed a gargoyle
  1641 | D:10     | Killed a gargoyle
  1806 | D:11     | Noticed Harold
  1825 | D:11     | Slain by Harold

Inventory:

Hand weapons
 a - a +0 hand axe (weapon)
Missiles
 d - 22 stones (quivered)
Armour
 i - a +0 cloak (worn)
 j - a +0 scale mail (worn)
Magical devices
 b - a wand of slowing (17)
 h - a wand of slowing (23)
Scrolls
 c - 2 scrolls of enchant weapon
 l - 3 scrolls of remove curse
 m - 2 scrolls of identify
Potions
 k - a potion of curing
Books
 g - a book of Geomancy

   Spells                             Type                      Level
   Sandblast                          Earth                        1
   Stoneskin                          Transmutation/Earth          2
   Passwall                           Transmutation/Earth          3
   Stone Arrow                        Conjuration/Earth            3
   Petrify                            Transmutation/Earth          4
   Lee's Rapid Deconstruction         Earth                        5
   Trog disapproves of the use of such an item.

Table legend:
 A = Turns spent in this place as a percentage of turns spent in the entire game.
 B = Non-inter-level travel turns spent in this place as a percentage of non-inter-level travel turns spent in the entire game.
 C = Inter-level travel turns spent in this place as a percentage of turns spent in this place.
 D = Turns resting spent in this place as a percentage of non-inter-level travel turns spent in this place.
 E = Turns spent auto-exploring this place as a percentage of non-inter-level travel turns spent in this place.
 F = Non-inter-level travel turns spent in this place divided by the number of levels of this place that you've seen.
                   A       B       C       D       E      F
               +-------+-------+-------+-------+-------+----------------------
         Total | 100.0 | 100.0 |   0.6 |   4.1 |   0.1 | 125.5
       Dungeon | 100.0 | 100.0 |   0.6 |   4.1 |   0.1 | 125.5
               +-------+-------+-------+-------+-------+----------------------


   Skills:
 - Level 2.6 Fighting
 * Level 10.9 Axes
 - Level 5.7 Armour
 - Level 1.5 Dodging


You had 8 spell levels left.
You didn't know any spells.

Dungeon Overview and Level Annotations

Branches:
Dungeon (11/15)            Temple (0/1) D:5
   Lair: D:8-11         Orc: D:9-12

Altars:
Fedhas
Gozag
Vehumet

Annotations:
D:11 Harold


Innate Abilities, Weirdness & Mutations

You have razor-sharp teeth.
You heal very quickly.
When hurt, damage is shared between your health and your magic reserves.
Your bite disrupts and absorbs the magic of your enemies.
Potions and wands cannot restore your health.
You are immune to rotting.


Message History

You hit Harold. You bite Harold, but do no damage.
Harold is moderately wounded.
Harold hits you but does no damage.
You hit Harold. You bite Harold, but do no damage.
Harold is moderately wounded.
Harold barely misses you.
You hit Harold but do no damage. You bite Harold!
Harold's magic leaks into the air.
You drain his magic.
You feel invigorated.
Harold is moderately wounded.
Harold points at you and mumbles some strange words.
The bolt of fire hits you!
You hit Harold but do no damage. You bite Harold, but do no damage.
Harold is moderately wounded.
Harold hits you with a battleaxe!
You hit Harold. You bite Harold, but do no damage.
Harold is moderately wounded.
Harold hits you with a battleaxe!!
You completely miss Harold. You bite Harold.
Harold's magic leaks into the air.
You drain his magic.
You feel invigorated.
Harold is heavily wounded.
Harold hits you with a battleaxe.
Evoke which item? (* to show all) (? for menu, Esc to quit)
Okay, then.
Drink which item? (? for menu, Esc to quit)
You don't have any such object.
Drink which item? (? for menu, Esc to quit)
You don't have any such object.
Drink which item? (? for menu, Esc to quit)
Okay, then.
Read which item? (? for menu, Esc to quit)
Okay, then.
Drink which item? (? for menu, Esc to quit)
You feel refreshed.
It was a potion of restore abilities.
Harold falters for a moment.
Drink which item? (? for menu, Esc to quit)
You have no ailments to cure.
You hit Harold. You bite Harold, but do no damage.
Harold is heavily wounded.
Harold hits you with a battleaxe!!
You die...

#.########
.......# ##
#.....##..##
#...@......##
#...@........
#.##<†.....#.
##)....##
..##... ...(
## ..#.#
....# .##..
.# .


You could see Harold.

Table legend:
 A = Kills in this place as a percentage of kills in entire the game.
 B = Kills by you in this place as a percentage of kills by you in the entire game.
 C = Kills by friends in this place as a percentage of kills by friends in the entire game.
 D = Other kills in this place as a percentage of other kills in the entire game.
 E = Experience gained in this place as a percentage of experience gained in the entire game.
 F = Experience gained in this place divided by the number of levels of this place that you have seen.
                   A       B       C       D       E      F
               +-------+-------+-------+-------+-------+----------------------
         Total | 100.0 | 100.0 |  -nan |  -nan | 100.0 | 392.7
       Dungeon | 100.0 | 100.0 |  -nan |  -nan | 100.0 | 392.7
               +-------+-------+-------+-------+-------+----------------------

Vanquished Creatures
  A hill giant (D:9)
  A gargoyle (D:10)
  A troll (D:9)
  The ghost of Somebody the Changer, an average DgTm (D:4)
  A deep elf mage (D:10)
  A wyvern (D:8)
  An ice beast (D:9)
  A sky beast (D:9)
  2 ogres
  A yellow wasp (D:11)
  2 phantoms
  2 centaurs
  3 giant frogs
  A centaur zombie (D:6)
  2 giant frog zombies (D:9)
  3 orc priests (D:6)
  A centaur skeleton (D:10)
  2 jellies
  Crazy Yiuf (D:4)
  An iguana (D:8)
  A worker ant (D:6)
  4 orc wizards
  A hound zombie (D:7)
  4 adders
  2 giant mites
  3 worms (D:4)
  3 giant geckos
  16 orcs
  6 hobgoblins
  6 kobolds
  A quokka (D:9)
  9 bats
  A giant newt (D:2)
  A rat (D:4)
  A fungus (D:4)
88 creatures vanquished.

Action                   |  1- 3 |  4- 6 |  7- 9 || total
-------------------------+-------+-------+-------++-------
Melee: Hand axe          |    27 |    54 |   202 ||   283
Invok: Berserk           |     2 |     4 |     8 ||    14
       Trog's Hand       |       |       |     1 ||     1
Evoke: Wand              |       |       |     4 ||     4
  Use: Scroll            |       |     3 |     6 ||     9
       Potion            |       |       |     3 ||     3
 Stab: Sleeping          |     2 |       |       ||     2
  Eat: Chunk             |       |     1 |    11 ||    12
       Bread ration      |       |     1 |       ||     1

Vault maps used:
D:1:      zaba_arrival_water, nemelex_deck
D:2:      lemuel_zombie_altar_yredelemnul, cheibriados_altar_1, uniq_jessica
D:3:      serial_forest, infiniplex_forest_zigzag_2,
          infiniplex_forest_lined_corner, infiniplex_forest_straight_4,
          infiniplex_forest_straight_2, infiniplex_forest_lined_2,
          infiniplex_forest_clump_tiny, infiniplex_forest_straight_4,
          infiniplex_forest_lined_3, first_bread, minivault_25, st_stairs_9,
          uniq_sigmund, uniq_robin
D:4:      kennysheep_mini, nicolae_dithmenos_the_darkroom, glass_columns_b,
          uniq_crazy_yiuf_cottage
D:5:      kennysheep_vampire_church, evilmike_ruin_ashenzari,
          minmay_temple_entry_butterflies, basic_altar
D:7:      okawaru_ov_weapons_minmay, gammafunk_temple_overflow_elements,
          uniq_iyjb
D:8:      makhleb_grotto_becter, lemuel_crystal_altar
D:9:      dpeg_lair_monsters, special_room, the_bakery
D:10:     uniq_sonja
D:11:     serial_shops, nicolae_shop_waterfront, rats_and_rats_again,
          uniq_harold, uniq_gastronok
